 Dungeon Crawl Stone Soup version 0.20.0 (webtiles) character file.

2940 Llamajah the Cleaver (level 10, -3/76 HPs)
             Began as a Formicid Fighter on June 15, 2017.
             Was a Priest of Okawaru.
             Killed from afar by a steam dragon (22 damage)
             ... with a ball of steam
             ... on level 7 of the Dungeon.
             The game lasted 00:15:11 (5406 turns).

Llamajah the Cleaver (Formicid Fighter)             Turns: 5406, Time: 00:15:12

Health: -3/76      AC: 14    Str: 24    XL:     10   Next: 7%
Magic:  10/10      EV:  7    Int:  8    God:    Okawaru [***...]
Gold:   263        SH: 11    Dex: 12    Spells: 9/9 levels left

rFire    . . .     SeeInvis +   h - +2 hand axe (elec)
rCold    . . .     Gourm    .   c - +0 shield
rNeg     . . .     Faith    .   x - +0 plate armour
rPois    .         Spirit   .   (helmet unavailable)
rElec    .         Reflect  .   (no cloak)
rCorr    +         Harm     .   r - +0 pair of gloves
MR       +....                  (no boots)
Stlth    ..........             (no amulet)
Regen    0.3/turn               i - ring of resist corrosion
MPRegen  0.2/turn               I - +2 ring of dexterity

@: no status effects
A: permanent stasis, dig shafts and tunnels, four strong arms, antennae 3
a: Dig, Shaft Self, Heroism, Renounce Religion


You were on level 7 of the Dungeon.
You worshipped Okawaru.
Okawaru was most pleased with you.
You were not hungry.

You visited 1 branch of the dungeon, and saw 7 of its levels.

You collected 458 gold pieces.
You spent 195 gold pieces at shops.

Inventory:

Hand Weapons
 a - a +0 war axe
 h - a +2 hand axe of electrocution (weapon)
Armour
 c - a +0 shield (worn)
 r - a +0 pair of gloves (worn)
 x - a +0 plate armour (worn)
Jewellery
 i - a ring of resist corrosion (left hand)
 I - a +2 ring of dexterity (right hand)
Wands
 t - a wand of random effects (16/48)
 y - a wand of polymorph (10/24)
 D - a wand of random effects (20/48)
 K - a wand of random effects (12/48)
Scrolls
 e - a scroll of amnesia {unknown}
 m - 2 scrolls of magic mapping {unknown}
 n - 4 scrolls of teleportation {unknown}
 o - 4 scrolls of enchant armour {unknown}
 q - 5 scrolls of identify
 w - a scroll of enchant weapon {unknown}
 A - a scroll of immolation {unknown}
 B - 2 scrolls of blinking {unknown}
 C - a scroll of fog {unknown}
 E - 4 scrolls of remove curse {unknown}
 G - a scroll of fear {unknown}
 H - a scroll of random uselessness {unknown}
 J - a scroll of noise {unknown}
Potions
 b - 4 potions of curing
 d - 2 potions of might
 g - 2 potions of haste {unknown}
 j - 3 potions of berserk rage {unknown}
 k - a potion of lignification {unknown}
 l - 2 potions of mutation {unknown}
 p - a potion of degeneration {unknown}
 s - 4 potions of agility {unknown}
 v - 3 potions of cancellation {unknown}
Comestibles
 f - 8 bread rations
 u - 9 royal jellies
 z - 3 fruits
 F - a chunk of flesh


   Skills:
 + Level 6.0 Fighting
 + Level 9.1 Axes
 + Level 7.0 Armour
 + Level 1.0 Dodging
 + Level 2.0 Stealth
 + Level 8.2 Shields


You had 9 spell levels left.
You didn't know any spells.

Dungeon Overview and Level Annotations

Branches:
Dungeon (7/15)             Temple (0/1) D:6

Altars:
Ashenzari
Dithmenos
Gozag
Okawaru
Qazlal
Ru
Uskayaw
Xom
Zin

Shops:
D:6 *   D:7 *


Innate Abilities, Weirdness & Mutations

You cannot be hasted, slowed, berserked, paralysed or teleported.
You can dig through walls and to a lower floor.
Your four strong arms can wield two-handed weapons with a shield.
You have a pair of large antennae on your head. (SInv)


Message History

The steam dragon is lightly wounded.
You are engulfed in a cloud of scalding steam.
The crimson imp blinks!
The steam dragon bites you.
* * * LOW HITPOINT WARNING * * *
The steam dragon barely misses you.
You hit the steam dragon.
Lightning courses through the steam dragon!
The steam dragon is heavily wounded.
You are engulfed in a cloud of scalding steam.
You feel better. The steam dragon breathes steam at you.
The ball of steam hits you!
* * * LOW HITPOINT WARNING * * *
You hear a croak.
You feel better.
You are engulfed in a cloud of scalding steam.
* * * LOW HITPOINT WARNING * * *
The steam dragon breathes steam at you. The ball of steam hits you!
You die...

#......#
#####...####
##.PPP..$
.........#
#...∩P(.#
########.#
#..DPP..# ##.#
....{§.)# #..# #.#
#.## #5# ####.####
#D# #.......# { #@#
#.#####.#
#§#######.# #.##
#§§.......# #...
### ######.##.#
#.## #..
..#.##.#####.# #.#
#(#.##.......# #.#
#.#.#####.#### #.#
##.#.#####.# #.#
#.####..........###


You could see a steam dragon and a crimson imp.

Vanquished Creatures
  A cyclops (D:6)
  Sigmund (D:5)
  Menkaure (D:7)
  2 ice beasts
  A sky beast (D:5)
  A phantom (D:5)
  The ghost of zilverxoul the Skirmisher, an amateur DsFi (D:3)
  A centaur (D:5)
  4 ogres
  4 bullfrogs
  A wyvern skeleton (D:6)
  2 scorpions (D:4)
  A wight (D:6)
  2 howler monkeys (D:7)
  A crimson imp (D:6)
  A jelly (D:5)
  2 hounds
  2 orc priests (D:3)
  8 orc wizards
  Jessica (D:2)
  2 iguanas
  Natasha (thrice) (D:4)
  2 worker ants
  A hound zombie (D:6)
  2 hound skeletons
  11 adders
  A shadow imp (D:6)
  2 oozes
  5 worms
  An adder skeleton (D:5)
  5 leopard geckos
  19 orcs
  4 ball pythons
  3 giant cockroaches (D:4)
  9 hobgoblins
  6 jackals (D:3)
  3 quokkas
  12 bats
  4 frilled lizards
  7 goblins
  A jackal skeleton (D:6)
  A jackal zombie (D:6)
  6 kobolds
  2 leopard gecko skeletons
  A quokka skeleton (D:5)
  13 rats
164 creatures vanquished.

Notes
Turn   | Place    | Note
-------+----------+-------------------------------------------
     0 | D:1      | Llamajah the Formicid Fighter began the quest for the Orb.
     0 | D:1      | Reached XP level 1. HP: 18/18 MP: 1/1
   182 | D:1      | Reached XP level 2. HP: 24/24 MP: 2/2
   757 | D:1      | Reached XP level 3. HP: 29/29 MP: 3/3
   953 | D:2      | Reached XP level 4. HP: 35/35 MP: 4/4
  1178 | D:2      | Found a shimmering altar of Xom.
  1181 | D:2      | Noticed Jessica
  1184 | D:2      | Reached skill level 3 in Axes
  1199 | D:2      | Killed Jessica
  1199 | D:2      | Reached XP level 5. HP: 30/42 MP: 5/5
  1584 | D:3      | Reached skill level 1 in Dodging
  1584 | D:3      | Reached skill level 5 in Shields
  1585 | D:3      | Reached XP level 6. HP: 44/48 MP: 6/6
  1604 | D:3      | Noticed zilverxoul's ghost (amateur DsFi)
  1829 | D:3      | Reached skill level 4 in Axes
  1833 | D:3      | Killed zilverxoul's ghost
  1869 | D:3      | Found an opulent altar of Gozag.
  1869 | D:3      | Found an iron altar of Okawaru.
  1901 | D:3      | Found a shattered altar of Ashenzari.
  1927 | D:3      | Found a stormy altar of Qazlal.
  1937 | D:3      | Became a worshipper of Warmaster Okawaru
  2065 | D:3      | Reached XP level 7. HP: 54/54 MP: 7/7
  2464 | D:4      | Found a hide-covered altar of Uskayaw.
  2489 | D:4      | Reached skill level 5 in Axes
  2547 | D:4      | Noticed Natasha
  2556 | D:4      | Killed Natasha
  2651 | D:4      | Noticed Natasha
  2657 | D:4      | Killed Natasha
  2758 | D:4      | Noticed Natasha
  2765 | D:4      | Killed Natasha
  2765 | D:4      | Reached skill level 5 in Armour
  2780 | D:4      | Reached XP level 8. HP: 61/61 MP: 8/8
  2959 | D:5      | Entered Level 5 of the Dungeon
  3039 | D:5      | Found Zin's Purification Station.
  3042 | D:5      | Found a glowing silver altar of Zin.
  3047 | D:5      | Bought a potion of curing for 90 gold pieces
  3065 | D:5      | Reached * piety under Okawaru
  3270 | D:5      | Reached skill level 5 in Fighting
  3270 | D:5      | Reached skill level 6 in Axes
  3402 | D:5      | Noticed Sigmund
  3406 | D:5      | Killed Sigmund
  3764 | D:5      | Reached skill level 7 in Axes
  3764 | D:5      | Reached XP level 9. HP: 60/68 MP: 9/9
  3857 | D:5      | Reached ** piety under Okawaru
  4041 | D:6      | Found a staircase to the Ecumenical Temple.
  4099 | D:6      | Found Padop's General Store.
  4105 | D:6      | Bought a potion of heal wounds for 75 gold pieces
  4105 | D:6      | Bought a scroll of identify for 30 gold pieces
  4202 | D:6      | Found a sacrificial altar of Ru.
  4299 | D:6      | Reached skill level 1 in Stealth
  4343 | D:6      | Noticed a cyclops
  4347 | D:6      | Killed a cyclops
  4347 | D:6      | Reached skill level 8 in Axes
  4696 | D:6      | Found a shadowy altar of Dithmenos.
  4744 | D:6      | Reached *** piety under Okawaru
  5104 | D:7      | Noticed Menkaure
  5116 | D:7      | Killed Menkaure
  5116 | D:7      | Reached skill level 9 in Axes
  5116 | D:7      | Reached XP level 10. HP: 45/76 MP: 10/10
  5390 | D:7      | Found Wirad's Assorted Antiques.
  5406 | D:7      | Killed from afar by a steam dragon

Skill      XL: |  1  2  3  4  5  6  7  8  9 10 |
---------------+-------------------------------+-----
Shields        | 4 5 6 8 |  8.2
Axes           | 3 4 5 7 9 |  9.1
Dodging        | 1 |  1.0
Armour         | 4 5 6 7 |  7.0
Fighting       | 4 5 6 |  6.0
Stealth        | 1 2 |  2.0

Action                   |  1- 3 |  4- 6 |  7- 9 | 10-12 || total
-------------------------+-------+-------+-------+-------++-------
Melee: War axe           |    12 |       |       |       ||    12
       Hand axe          |    55 |   114 |   279 |    14 ||   462
 Abil: Dig               |       |     1 |       |       ||     1
  Use: Potion            |       |       |     1 |     2 ||     3
 Stab: Paralysed         |       |       |     1 |       ||     1
  Eat: Chunk             |       |     4 |    10 |     1 ||    15
Armor: Scale mail        |    26 |       |       |       ||    26
       Chain mail        |     6 |    88 |     6 |       ||   100
       Plate armour      |       |       |    87 |     9 ||    96
Dodge: Dodged            |    22 |    37 |    37 |     3 ||    99
Block: Shield            |    42 |    72 |   103 |     2 ||   219
